 Dungeon Crawl Stone Soup version 0.23-a0-650-ga4d50d4 (webtiles) character file.

272 Blackhawk the Skirmisher (level 6, -4/49 HPs)
             Began as a Formicid Monk on Jan 4, 2019.
             Killed by divine providence
             ... invoked by an orc priest
              (11 damage)
             ... on level 3 of the Dungeon.
             The game lasted 00:08:18 (4840 turns).

Blackhawk the Skirmisher (Formicid Monk)            Turns: 4840, Time: 00:08:19

Health: -4/49      AC:  2    Str: 18    XL:     6   Next: 48%
Magic:  6/6        EV: 14    Int:  9    God:
Gold:   114        SH:  0    Dex: 13    Spells: 5/5 levels left

rFire    . . .     SeeInvis +   a - +0 falchion
rCold    . . .     Gourm    .   (no shield)
rNeg     . . .     Faith    .   b - +0 robe
rPois    .         Spirit   .   (helmet unavailable)
rElec    .         Reflect  .   (no cloak)
rCorr    .         Harm     .   (no gloves)
MR       .....                  (no boots)
Stlth    +++.......             (no amulet)
HPRegen  0.16/turn              (no ring)
MPRegen  0.10/turn              (no ring)

@: no status effects
A: permanent stasis, dig shafts and tunnels, four strong arms, antennae 3
a: Dig, Shaft Self


You were on level 3 of the Dungeon.
You were hungry.

You visited 1 branch of the dungeon, and saw 3 of its levels.

You collected 114 gold pieces.

Inventory:

Hand Weapons
 a - a +0 falchion (weapon)
Armour
 b - a +0 robe (worn)
Scrolls
 d - 2 scrolls of fog {unknown}
 e - 2 scrolls of amnesia {unknown}
 f - 4 scrolls of teleportation {unknown}
 g - 2 scrolls of identify {unknown}
 h - a scroll of magic mapping {unknown}
Potions
 i - 3 potions of ambrosia {unknown}
 k - a potion of might {unknown}
 l - a potion of magic {unknown}
Comestibles
 c - 7 rations


   Skills:
 + Level 4.6 Fighting
 + Level 4.3 Long Blades
 + Level 3.8 Dodging
 + Level 4.5 Stealth


You had 5 spell levels left.
You didn't know any spells.
Your spell library was empty.

Dungeon Overview and Level Annotations

Branches:
Dungeon (3/15)

Altars:
Ashenzari
Cheibriados
Nemelex Xobeh


Innate Abilities, Weirdness & Mutations

You cannot be hasted, slowed, berserked, paralysed or teleported.
You can dig through walls and to a lower floor.
Your four strong arms can wield two-handed weapons with a shield.
You have a pair of large antennae on your head. (SInv)


Message History

The frilled lizard misses you.
You closely miss the frilled lizard.
The frilled lizard is heavily wounded.
The frilled lizard barely misses you. x2
You hit the frilled lizard.
You kill the frilled lizard!
You hit the orc priest.
The orc priest is lightly wounded.
The orc priest calls down the wrath of Beogh upon you.
Beogh smites you!
* * * LOW HITPOINT WARNING * * *
You closely miss the orc priest.
The orc priest is lightly wounded.
The orc priest barely misses you.
You riposte.
You hit the orc priest.
The orc priest is lightly wounded.
You barely miss the orc priest.
The orc priest is lightly wounded.
The orc priest invokes the aid of Beogh against you.
Beogh smites you!
You die...

##...##.#
#..#............
###.....#.#
##.###.##.###..#
.......#.# #.#
#.##.#.....
#.o.{.#.#
#.###.##.#.....
{ { #o..##.#
#..##.##.######
#.##))#
##.##.##..<....
#.##.##
#..#.####.####
#.'..#### ##.#.#
#.####
{#.###.#@# #...#
#..... { #.#
##o## ##..#
###### { ... ###
#..# # )....
#..#########
......#
#.>.........
##.....#
############
##...## #....
##### #.###
#.##.


You could see an orc priest.

Vanquished Creatures
  Natasha (twice) (D:3)
  2 orc wizards (D:3)
  6 adders
  3 oozes
  A worm (D:2)
  4 leopard geckos
  5 orcs (D:3)
  5 giant cockroaches
  14 goblins
  7 hobgoblins
  4 jackals (D:1)
  A quokka (D:2)
  A ball python (D:3)
  10 bats
  6 frilled lizards
  11 kobolds
  A leopard gecko skeleton (D:3)
  11 rats
94 creatures vanquished.

Notes
Turn   | Place    | Note
-------+----------+-------------------------------------------
     0 | D:1      | Blackhawk the Formicid Monk began the quest for the Orb.
     0 | D:1      | Reached XP level 1. HP: 18/18 MP: 1/1
    66 | D:1      | Reached XP level 2. HP: 9/24 MP: 2/2
   429 | D:1      | Reached XP level 3. HP: 29/29 MP: 3/3
  1332 | D:2      | Reached XP level 4. HP: 23/37 MP: 4/4
  1835 | D:2      | Found a shattered altar of Ashenzari.
  1836 | D:2      | Found a snail-covered altar of Cheibriados.
  1881 | D:2      | Found a sparkling altar of Nemelex Xobeh.
  2576 | D:2      | Reached XP level 5. HP: 37/42 MP: 5/5
  3887 | D:3      | Noticed Natasha
  4130 | D:3      | Killed Natasha
  4180 | D:3      | Reached XP level 6. HP: 37/49 MP: 6/6
  4537 | D:3      | Noticed Natasha
  4550 | D:3      | Killed Natasha
  4840 | D:3      | Killed from afar by an orc priest

Vault maps used:
D:1:      moated_graveyard_arrival, minmay_indecisive_spiral
D:2:      cheibrodos_helix_gallery, gammafunk_temple_overflow_pools,
          nemelex_xobeh_ov_fountains_minmay, first_ration
D:3:      minmay_octagon_keep, uniq_natasha

Skill      XL: |  1  2  3  4  5 |
---------------+----------------+-----
Stealth        | 3 4 |  4.5
Dodging        | 3 |  3.8
Fighting       | 4 |  4.6
Long Blades    | 4 |  4.3

Action                   |  1- 3 |  4- 6 || total
-------------------------+-------+-------++-------
Melee: Falchion          |    97 |   234 ||   331
 Abil: Dig               |     1 |     2 ||     3
 Stab: Sleeping          |     4 |     5 ||     9
       Distracted        |       |     1 ||     1
  Eat: Chunk             |     2 |    11 ||    13
Armor: Robe              |    18 |    26 ||    44
Dodge: Dodged            |    80 |   177 ||   257
       Rpst.: Falchion   |    29 |    61 ||    90

Table legend:
 A = Non-vault XP
 B = Vault XP
 C = Vault XP percentage of total XP
 D = Non-vault monster count
 E = Vault monster count
 F = Vault count percentage of total count
                 A         B        C        D         E       F
            +---------+---------+-------+---------+---------+-------
      Total |     326 |      63 |  16.2 |      81 |      13 |  13.8
            +---------+---------+-------+---------+---------+-------
        D:1 |      56 |       7 |  11.1 |      31 |       4 |  11.4
        D:2 |      85 |       3 |   3.4 |      22 |       2 |   8.3
        D:3 |     185 |      53 |  22.3 |      28 |       7 |  20.0
            +---------+---------+-------+---------+---------+-------
